 Dungeon Crawl Stone Soup version 0.30-a0-800-g7c544603b3 (webtiles) character file.

Game seed: 6778956785638979425

5 Hubris850 the Conjurer (level 1, 0/18 HPs)
             Began as a Draconian Reaver on Feb 22, 2023.
             Slain by a kobold
             ... wielding a +0 dagger
              (2 damage)
             ... on level 1 of the Dungeon.
             The game lasted 00:00:26 (26 turns).

Hubris850 the Conjurer (Draconian Reaver)             Turns: 26, Time: 00:00:26

Health: 0/18       AC:  4    Str: 14    XL:     1   Next: 66%
Magic:  3/3        EV: 12    Int: 13    God:
Gold:   0          SH:  0    Dex:  9    Spells: 3/4 levels left

rFire   . . .      SeeInvis .      - Unarmed
rCold   . . .      Faith    .    (no shield)
rNeg    . . .      Spirit   .    (body armour unavailable)
rPois   .          Reflect  .    (helmet restricted)
rElec   .          Harm     .    (no cloak)
rCorr   .          Rampage  .    (no gloves)
Will    .....                    (no boots)
Stlth   +                        (no amulet)
HPRegen 0.23/turn                (no ring)
MPRegen 0.08/turn                (no ring)

@: no status effects
A: AC +4, unfitting armour, cold-blooded
a: no special abilities


You were on level 1 of the Dungeon.
You visited 1 branch of the dungeon, and saw 1 of its levels.

You aren't carrying anything.


   Skills:
 + Level 2.3 Fighting
 + Level 1.9 Dodging
 - Level 3.0 Unarmed Combat
 + Level 2.1 Spellcasting
 + Level 3.1 Conjurations


You had 3 spell levels left.
You knew the following spells:

 Your Spells              Type           Power      Damage    Failure   Level
a - Kiss of Death         Conj/Necr      20%        2d7       14%         1

Your spell library contained the following spells:

 Spells                   Type           Power      Damage    Failure   Level
 Momentum Strike          Conj/Tloc      10%        3d8       21%         2
 Hailstorm                Conj/Ice       5%         3d4       38%         3


Dungeon Overview and Level Annotations

Branches:
Dungeon (1/15)

Altars:


Innate Abilities, Weirdness & Mutations

Your plain brown scales are hard. (AC +4)
You cannot fit into any form of body armour.
You are cold-blooded and may be slowed by cold attacks.


Message History

The jackal bites you but does no damage.
The jackal bites you.
* * * LOW HITPOINT WARNING * * *
The kobold hits you but does no damage.
You barely miss the jackal.
You tail-slap the jackal, but do no damage.
The jackal is lightly wounded.
The jackal bites you but does no damage. x2
The kobold barely misses you.
You barely miss the jackal.
You tail-slap the jackal, but do no damage.
The jackal is lightly wounded.
The jackal closely misses you.
The jackal bites you but does no damage.
The kobold hits you with a +0 dagger.
* * * LOW HITPOINT WARNING * * *
The jackal bites you but does no damage.
You hit the jackal.
You kill the jackal!
The jackal closely misses you.
The jackal bites you but does no damage.
The kobold closely misses you. The jackal closely misses you.
Things that are here:
a +0 dagger; a kobold corpse You miss the kobold.
Your tail-slap misses the kobold.
The kobold hits you with a +0 dagger.
* * * LOW HITPOINT WARNING * * *
The jackal misses you.
You closely miss the kobold.
The jackal bites you but does no damage.
The kobold hits you but does no damage. The jackal completely misses you.
You closely miss the kobold. The kobold closely misses you.
The jackal bites you but does no damage.
You barely miss the kobold.
Your tail-slap misses the kobold.
Your punch misses the kobold. The jackal barely misses you.
The kobold hits you with a +0 dagger.
* * * LOW HITPOINT WARNING * * *
You closely miss the kobold.
Your tail-slap misses the kobold.
The jackal closely misses you. The kobold hits you with a +0 dagger.
You die...

... .. .. ... . ..
.. . ..#. ..#..#. .
..#..
...#.#.#.#.#... .
..#.#.#.#.. #.. .[
#.#...#.##... #
....#.....#.... ...
#...<...######..!..
....#.....#.?.@...#
. #.#...#.##hK...#
..#.#.#.#..##...#
...#.#.#.#.#...#..#
..#..#.#.#..#...!.#
.#.. ..#. #..#....#
...#.. ..#...#.$##
.. . .....# ##


You could see a jackal and a kobold.

Vanquished Creatures
  An endoplasm (D:1)
  2 jackals (D:1)
  A kobold (D:1)
4 creatures vanquished.

Notes
Turn   | Place    | Note
-------+----------+-------------------------------------------
     0 | D:1      | Hubris850 the Draconian Reaver began the quest for the Orb.
     0 | D:1      | Reached XP level 1. HP: 17/17 MP: 3/3
    26 | D:1      | Slain by a kobold

Illustrated notes

Levels and vault maps discovered:
D:1:      minmay_arrival_radiant_lines, layout_rooms

Action                     || total
---------------------------++-------
  Melee: Unarmed           ||    20
         Tailslap          ||     6
 Armour: Skin              ||    18
  Dodge: Dodged            ||    34

Table legend: (Time is in decaauts)
 A = Elapsed time spent in this place.
 B = Non-inter-level travel time spent in this place.
 C = Inter-level travel time spent in this place.
 D = Time resting spent in this place.
 E = Time spent auto-exploring this place.
 F = Levels seen in this place.
 G = Mean time per level.
                   A        B        C        D        E       F      G
               +--------+--------+--------+--------+--------+-----+--------+
         Total |     26 |     26 |      0 |      0 |      1 |   1 |   26.0 |
       Dungeon |     26 |     26 |      0 |      0 |      1 |   1 |   26.0 |
               +--------+--------+--------+--------+--------+-----+--------+

Top non-repeatable levels by time:
     D:1: 26 daAuts
